 Dungeon Crawl Stone Soup version 0.23-a0-189-gc87c613 (webtiles) character file.

236 somewhere the Chopper (level 5, -1/38 HPs)
             Began as a Demonspawn Gladiator on Sept 23, 2018.
             Slain by an orc priest
             ... wielding a cursed +0 mace
              (5 damage)
             ... on level 3 of the Dungeon.
             The game lasted 00:02:30 (2467 turns).

somewhere the Chopper (Demonspawn Gladiator)        Turns: 2467, Time: 00:02:30

Health: -1/38      AC:  7    Str: 16    XL:     5   Next: 77%
Magic:  5/5        EV: 12    Int:  9    God:
Gold:   100        SH:  3    Dex: 14    Spells: 4/4 levels left

rFire    + . .     SeeInvis .   a - +0 war axe
rCold    . . .     Gourm    .   l - +0 buckler
rNeg     . . .     Faith    .   b - +0 leather armour
rPois    .         Spirit   .   c - +0 helmet
rElec    .         Reflect  .   (no cloak)
rCorr    .         Harm     .   (no gloves)
MR       .....                  (no boots)
Stlth    +.........             (no amulet)
HPRegen  0.12/turn              h - ring of protection from fire
MPRegen  0.09/turn              (no ring)

@: no status effects
A: yellow scales 2, powered by pain 1, rot immunity
a: no special abilities


You were on level 3 of the Dungeon.
You were not hungry.

You visited 1 branch of the dungeon, and saw 3 of its levels.

You collected 100 gold pieces.

Inventory:

Hand Weapons
 a - a +0 war axe (weapon)
Missiles
 d - 3 throwing nets (quivered)
Armour
 b - a +0 leather armour (worn)
 c - a +0 helmet (worn)
 l - a +0 buckler (worn)
Jewellery
 h - a ring of protection from fire (left hand)
Scrolls
 g - a scroll of enchant weapon {unknown}
 j - a scroll of fog {unknown}
 k - a scroll of noise {unknown}
 o - a scroll of identify {unknown}
Potions
 e - 2 potions of haste {unknown}
 i - 3 potions of brilliance {unknown}
 m - a potion of cancellation {unknown}
 n - a potion of resistance {unknown}
Comestibles
 f - 3 rations
 p - a chunk of flesh


   Skills:
 - Level 2.0 Fighting
 + Level 5.9 Axes
 - Level 1.7 Throwing
 - Level 2.6 Dodging
 + Level 0.2 Shields


You had 4 spell levels left.
You didn't know any spells.
Your spell library was empty.

Dungeon Overview and Level Annotations

Branches:
Dungeon (3/15)

Altars:
Ru


Innate Abilities, Weirdness & Mutations

You are mostly covered in yellow scales. (AC +3)
You sometimes gain a little power by taking damage.
You are immune to rotting.


Message History

Beogh smites you! You block the orc's attack.
You are too injured to fight recklessly!
You are too injured to fight recklessly!
You are too injured to fight recklessly!
Unknown command.
You closely miss the orc priest. You barely miss the orc.
The orc priest hits you with a mace!
* * * LOW HITPOINT WARNING * * *
The orc hits you.
* * * LOW HITPOINT WARNING * * *
The orc wizard casts a spell.
The orc wizard flickers and vanishes!
Deactivating autopickup; reactivate with Ctrl-A.
The orc barely misses you.
You barely miss the orc priest. You hit the orc but do no damage.
The orc priest barely misses you. The orc hits you but does no damage.
Unknown command.
Your shield prevents you from hitting the orc priest.
You closely miss the orc. The orc priest hits you with a mace.
You die...

#.# #.# #.#
#.#### #.##.#
#.#.#.#
#{)###.# ##o##
#.# # ##@## #..
.##.###o..##
#..
..........(##
.#.
....?...(...# .
#...###.###..#
...........>..#
....###.###.#.#
.. ..# #.. ...
#.


You could see an orc priest and an orc.

Vanquished Creatures
  4 orc wizards
  Natasha (D:2)
  3 adders (D:2)
  An ooze (D:2)
  A worm (D:2)
  A dart slug (D:2)
  A leopard gecko (D:2)
  An orc (D:3)
  5 giant cockroaches
  8 goblins
  5 hobgoblins
  4 jackals (D:1)
  A quokka (D:2)
  10 bats
  5 frilled lizards
  7 kobolds
  8 rats
66 creatures vanquished.

Notes
Turn   | Place    | Note
-------+----------+-------------------------------------------
     0 | D:1      | somewhere the Demonspawn Gladiator began the quest for the
                  | Orb.
     0 | D:1      | Reached XP level 1. HP: 16/16 MP: 1/1
    30 | D:1      | Reached skill level 3 in Axes
   157 | D:1      | Gained mutation: You sometimes gain a little power by
                  | taking damage. [demonic ancestry]
   157 | D:1      | Reached XP level 2. HP: 21/22 MP: 2/2
   608 | D:1      | Gained mutation: You are immune to rotting. [demonic
                  | ancestry]
   608 | D:1      | Reached XP level 3. HP: 22/27 MP: 3/3
   731 | D:2      | Reached skill level 4 in Axes
  1075 | D:2      | Found a sacrificial altar of Ru.
  1085 | D:2      | Gained mutation: You are partially covered in yellow
                  | scales. (AC +2) [demonic ancestry]
  1085 | D:2      | Reached XP level 4. HP: 17/33 MP: 4/4
  1673 | D:2      | Reached skill level 5 in Axes
  1705 | D:2      | Noticed Natasha
  1712 | D:2      | Killed Natasha
  1902 | D:2      | Gained mutation: You are mostly covered in yellow scales.
                  | (AC +3) [demonic ancestry]
  1902 | D:2      | Reached XP level 5. HP: 4/38 MP: 5/5
  2467 | D:3      | Slain by an orc priest

Vault maps used:
D:1:      dpeg_arrival_long_road, serial_forest, infiniplex_forest_clump_medium,
          infiniplex_forest_clump_tiny, infiniplex_forest_clump_long,
          infiniplex_forest_straight_2, hangedman_decor_points
D:2:      nicolae_ru_great_annihilating_truth, uniq_natasha
D:3:      grunt_qazlal_clouds, gammafunk_ghost_icy, cheibrodos_ashenzari_chains

Skill      XL: |  1  2  3  4 |
---------------+-------------+-----
Axes           | 3 4 5 |  5.9
Fighting       | |  2.0
Throwing       | |  1.7
Dodging        | |  2.6
Shields        | |  0.2

Action                   |  1- 3 |  4- 6 || total
-------------------------+-------+-------++-------
Melee: War axe           |   124 |    83 ||   207
 Stab: Invisible         |       |     1 ||     1
       Paralysed         |       |     1 ||     1
  Eat: Chunk             |     1 |     4 ||     5
Armor: Leather armour    |    52 |    38 ||    90
Dodge: Dodged            |   112 |    75 ||   187
Block: Buckler           |       |    15 ||    15

Table legend:
 A = Non-vault XP
 B = Vault XP
 C = Vault XP percentage of total XP
 D = Non-vault monster count
 E = Vault monster count
 F = Vault count percentage of total count
                 A         B        C        D         E       F
            +---------+---------+-------+---------+---------+-------
      Total |     256 |      82 |  24.3 |      61 |       5 |   7.6
            +---------+---------+-------+---------+---------+-------
        D:1 |      41 |       0 |   0.0 |      27 |       0 |   0.0
        D:2 |     127 |      82 |  39.2 |      27 |       5 |  15.6
        D:3 |      88 |       0 |   0.0 |       7 |       0 |   0.0
            +---------+---------+-------+---------+---------+-------
